 Dungeon Crawl Stone Soup version 0.20-a0-223-g066d66b (webtiles) character file.

982 FrankyJ the Sneak (level 8, -2/41 HPs)
             Began as a Kobold Conjurer on Nov 29, 2016.
             Slain by a troll (9 damage)
             ... on level 3 of the Dungeon.
             The game lasted 00:17:21 (6114 turns).

FrankyJ the Sneak (Kobold Conjurer)                 Turns: 6114, Time: 00:17:21

Health: -2/41      AC:  5    Str:  5    XL:     8   Next: 40%
Magic:  8/15       EV: 17    Int: 18    God:
Gold:   189        SH:  0    Dex: 16    Spells: 10/17 levels left

rFire  . . .     SeeInvis .     r - +1 dagger (curse)
rCold  + . .     Gourm    .     a - +0 robe
rNeg   . . .     Faith    .     (shield restricted)
rPois  .         Spirit   .     (no helmet)
rElec  .         Reflect  .     d - +2 cloak
rCorr  .         Harm     .     (no gloves)
MR     .....                    (no boots)
Stlth  ++++......               m - amulet of magic regeneration
                                (no ring)
                                f - ring of protection from cold

@: very slightly contaminated
A: carnivore 3
a: no special abilities


You were on level 3 of the Dungeon.
You were very full.

You visited 1 branch of the dungeon, and saw 4 of its levels.

You collected 189 gold pieces.

Inventory:

Hand Weapons
 k - a +1 dagger of freezing
 r - a cursed +1 dagger (weapon)
Missiles
 h - 8 tomahawks (quivered)
 x - 7 javelins
Armour
 a - a +0 robe (worn)
 d - a +2 cloak (worn)
Jewellery
 f - a ring of protection from cold (left hand)
 m - an amulet of magic regeneration (around neck)
Scrolls
 q - a scroll of enchant weapon
Potions
 e - a potion of haste {unknown}
 g - a potion of flight {unknown}
 i - a potion of magic {unknown}
 j - a potion of agility {unknown}
 l - a potion of mutation {unknown}
 n - a potion of cancellation {unknown}
 o - a potion of might {unknown}
 p - a potion of curing {unknown}
 s - a potion of lignification {unknown}
 t - 2 potions of brilliance
Books
 b - a book of Conjurations

   Spells                             Type                      Level
   a - Magic Dart                     Conjuration                  1
   b - Searing Ray                    Conjuration                  2
   c - Dazzling Spray                 Conjuration/Hexes            3
   d - Fulminant Prism                Conjuration/Hexes            4
   e - Iskenderun's Mystic Blast      Conjuration                  4
   f - Iskenderun's Battlesphere      Conjuration/Charms           5
Comestibles
 c - 3 meat rations
 u - a chunk of flesh


   Skills:
 + Level 4.8 Dodging
 - Level 7.2 Stealth
 + Level 5.0 Spellcasting
 + Level 4.0 Conjurations
 - Level 5.0 Hexes


You had 10 spell levels left.
You knew the following spells:

 Your Spells              Type           Power        Failure   Level  Hunger
a - Magic Dart            Conj           ###.         2%          1    None
b - Searing Ray           Conj           ###...       4%          2    #......
c - Fulminant Prism       Conj/Hex       ###.......   24%         4    ####...


Dungeon Overview and Level Annotations

Branches:
Dungeon (4/15)
 Temple: D:4-7

Altars:
Dithmenos
Elyvilon


Innate Abilities, Weirdness & Mutations

You are small and have problems with some larger weapons.
You are carnivorous and can eat meat at any time.


Message History

Press: ? - help, Shift-Dir - straight line, f - troll
Aim: a troll The searing ray hits the troll.
The troll is lightly wounded.
The troll closely misses you. x2; The troll claws you.
Your fulminant prism explodes!
The blast of energy engulfs the troll.
The troll is heavily wounded.
Unknown command.
The searing ray hits the troll.
The troll is severely wounded.
The troll bites you!
* * * LOW HITPOINT WARNING * * *
The troll claws you.
* * * LOW HITPOINT WARNING * * *
The troll claws you but does no damage.
The searing ray hits the troll.
The troll is severely wounded.
The troll closely misses you. The troll claws you!
You die...

#........# #.#### #.#
#........# #....# #.#
######........# ####.# #.#
#.............#########.# #.#
#...)...................# #.#
#.....################### #.#
##....................# #.#
...#'#.########T......# #รท#
##.#.#.# #....@.#.#### #.#
......>#####.#.........# #.#
#.##.......#.#...##....# #.#
#?##.#####.#.#.........#####.#
#.##.........#.###.........#.#
#.########.###.##....#.###.#.#
(.....# #.# #.##..#.........#
#####.# #.# #.##).....###.###
#####.# #.# #.##.########.#


You could see a troll.

Vanquished Creatures
  Grinder (D:3)
  The ghost of Mitch the Covert, an amateur OpAs (D:3)
  Duvessa (D:4)
  Dowan (D:4)
  A scorpion (D:4)
  3 hounds
  An orc priest (D:4)
  An orc wizard (D:4)
  Jessica (D:3)
  Terence (D:3)
  2 worker ants (D:4)
  A hound skeleton (D:4)
  4 adders
  3 oozes
  A worm (D:3)
  A dart slug (D:1)
  3 leopard geckos
  5 orcs
  8 bats
  6 giant cockroaches
  7 hobgoblins
  18 jackals
  2 quokkas (D:3)
  A ball python (D:2)
  12 frilled lizards
  4 goblins
  A jackal skeleton (D:4)
  9 kobolds
  9 rats
109 creatures vanquished.

Vanquished Creatures (others)
  3 fulminant prisms
3 creatures vanquished.

Grand Total: 112 creatures vanquished

Notes
Turn   | Place    | Note
-------+----------+-------------------------------------------
     0 | D:1      | FrankyJ the Kobold Conjurer began the quest for the Orb.
     0 | D:1      | Reached XP level 1. HP: 10/10 MP: 3/3
   225 | D:1      | Reached skill level 3 in Stealth
   293 | D:1      | Reached XP level 2. HP: 15/15 MP: 1/5
   827 | D:1      | Reached XP level 3. HP: 19/19 MP: 6/6
   849 | D:1      | Learned a level 2 spell: Searing Ray
  1239 | D:1      | Reached skill level 4 in Stealth
  1803 | D:1      | Reached XP level 4. HP: 24/24 MP: 2/8
  2575 | D:2      | Learned a level 4 spell: Fulminant Prism
  2832 | D:2      | Found a white marble altar of Elyvilon.
  2995 | D:2      | Found a shadowy altar of Dithmenos.
  3496 | D:3      | Noticed Mitch's ghost (amateur OpAs)
  3520 | D:3      | Killed Mitch's ghost
  3520 | D:3      | Reached skill level 5 in Stealth
  3520 | D:3      | Reached XP level 5. HP: 9/28 MP: 0/11
  3520 | D:3      | Reached XP level 6. HP: 10/32 MP: 0/12
  3884 | D:3      | Reached skill level 6 in Stealth
  4160 | D:3      | Noticed Jessica
  4164 | D:3      | Killed Jessica
  4195 | D:3      | Noticed Grinder
  4207 | D:3      | Killed Grinder
  4207 | D:3      | Reached XP level 7. HP: 18/36 MP: 5/14
  4505 | D:3      | Noticed Terence
  4521 | D:3      | Killed Terence
  4807 | D:3      | Reached skill level 7 in Stealth
  5028 | D:4      | Reached skill level 5 in Spellcasting
  5105 | D:4      | Noticed Dowan
  5106 | D:4      | Noticed Duvessa
  5135 | D:4      | Killed Duvessa
  5135 | D:4      | Reached XP level 8. HP: 26/41 MP: 4/15
  5507 | D:4      | Killed Dowan
  5803 | D:4      | Reached skill level 5 in Hexes
  6040 | D:4      | Noticed a troll
  6114 | D:3      | Slain by a troll

Vault maps used:
D:1:      mrwooster_arrival_statue_3, minmay_tromino_v4_a
D:2:      elyvilon_altar_5, lemuel_doored_altar
D:3:      uniq_jessica, uniq_grinder, uniq_terence
D:4:      first_bread, uniq_duvessa

Skill      XL: |  1  2  3  4  5  6  7  8 |
---------------+-------------------------+-----
Stealth        | 3 4 5 6 7 |  7.2
Dodging        | 3 4 |  4.8
Spellcasting   | 4 5 |  5.0
Hexes          | 2 3 4 5 |  5.0
Conjurations   | |  4.0

Action                   |  1- 3 |  4- 6 |  7- 9 || total
-------------------------+-------+-------+-------++-------
Melee: Unarmed           |     2 |       |       ||     2
       Whip              |    76 |    43 |     5 ||   124
       Short sword       |       |       |     9 ||     9
       Dagger            |       |       |     9 ||     9
 Cast: Magic Dart        |    55 |    26 |    11 ||    92
       Searing Ray       |     1 |    22 |    28 ||    51
       Fulminant Prism   |       |       |     3 ||     3
  Use: Scroll            |     1 |     2 |     4 ||     7
 Stab: Sleeping          |     2 |     3 |     4 ||     9
  Eat: Chunk             |    12 |     8 |     6 ||    26
Armor: Robe              |    35 |    16 |    25 ||    76
Dodge: Dodged            |    92 |    50 |    70 ||   212
